Unix NetHack Version 5.0.0-0 post-release - last build May 31 2026 23:59:36 (970b52f25bf058293b47ddfd14a1e40e571c508c,branch:main).

Game began 2026-06-05 12:59:47, ended 2026-06-05 15:02:16.

Jobair, lawful female dwarven Archeologist

  -----                   ------
  |...|  ----       ------|((((|
  |.. | --..------- |...|.-.(((|
  |.-----.........| |...|.|.(.(|
  |..............-- |-|--.---------
  -----.....{....----.......).......|
   |..-...............-|---.-----  --
   |..|-.........|..--|..|..|
   ------.---...-|...-|..|..|
      ---|--------).d.-------
      |....|  |.G...@..|
      |%%!.| --.....u---
      ------ |..|......
         -----..|....|
      ----.|....|..---
    --|.........|---
   --.|-.....----     ----
  --..|....|.---------|..|
  |.....---|.........--..|
  |<..---  ------.......--
  -----         ---------
Jobair the Field Worker    St:14 Dx:10 Co:14 In:16 Wi:16 Ch:7  Lawful
Dlvl:7  $:0  HP:0(43) Pw:24(24) AC:10 Xp:5 T:5051  Fainting Deaf

Latest messages:
 Are you sure you want to pray? [yn] (n) y
 You begin praying to Quetzalcoatl.
 You finish your prayer.
 The voice of Quetzalcoatl rings out: 
 "Thou art arrogant, creature."
 "Thou must relearn thy lessons!"
 You feel foolish!
 What do you want to read?
 Not carrying anything.
 You attack thin air.
 You hear some noises in the distance.
 You swap places with the peaceful dwarf.
 You faint from lack of food.
 Idefix bites the dwarf.
 Idefix misses the dwarf.
 Idefix misses it.
 Idefix bites it.
 Idefix bites it.
 Idefix eats a dwarf corpse.
 You regain consciousness.
 You faint from lack of food.
 You regain consciousness.
 You hear some noises.
 Idefix misses it.
 Idefix bites the gnome lord.
 The black unicorn butts!
 The black unicorn kicks!
 You return to dwarven form!
 Idefix misses the gnome lord.
 The black unicorn butts!
 The black unicorn kicks!
 Idefix bites the gnome lord.
 The black unicorn butts!
 The black unicorn kicks!
 The black unicorn butts!
 The black unicorn kicks!
 Idefix bites the gnome lord.
 The gnome lord hits Idefix.
 You faint from lack of food.
 Idefix picks up a dwarvish cloak.
 You regain consciousness.
 The black unicorn butts!
 The black unicorn kicks!
 The black unicorn butts!
 The black unicorn kicks!
 You die...
 Do you want to see your attributes? [ynq] (y) y
 Do you want an account of creatures vanquished? [ynaq] (y) y
 Do you want to see your conduct and achievements? [ynq] (y) y
 Do you want to see the dungeon overview? [ynq] (y) y

Inventory:
Not carrying anything.
Jobair the Archeologist's attributes:

Background:
 You were a Field Worker, a level 5 female dwarven Archeologist.
 You were lawful, on a mission for Quetzalcoatl
 who was opposed by Camaxtli (neutral) and Huhetotl (chaotic).
 You were right-handed.
 You were in the Gnomish Mines, on level 7.
 You entered the dungeon 5051 turns ago.
 You had 312 experience points, 8 more were needed to attain level 6.

Basics:
 You had 0 out of 43 hit points.
 You had all 24 energy points (spell power).
 Your armor class was 10.
 Your wallet was empty.
 Autopickup was off.

Final Characteristics:
 Your strength was 14 (base:15, peak:16, limit:18/100).
 Your dexterity was 10 (limit:20).
 Your constitution was 14 (limit:20).
 Your intelligence was 16 (limit:16).
 Your wisdom was 16 (limit:16).
 Your charisma was 7 (limit:16).

Final Status:
 You were deaf.
 You were fainting due to starvation.
 You were unencumbered.
 You were bare handed.
 You were unskilled in bare handed combat.
 You weren't wearing any armor.

Final Attributes:
 You were piously aligned.
 You were level-drain resistant.
 You had automatic searching.
 You had infravision.
 You were a wererat.
 You were harmed by silver.
 You were very unlucky.
 Quetzalcoatl was angry with you.
 You are dead.

Miscellaneous:
 You encountered 1 bones level.
 Total elapsed playing time was 1 hour, 31 minutes and 38 seconds.

Major events:
 Turn
    1: Jobair the lawful female dwarven Archeologist entered the dungeon
 1019: attained the rank of Field Worker (level 3)
 2264: entered the Gnomish Mines
 4194: reached Mine Town
 5051: killed by a black unicorn

You didn't know any spells.

Skills:
 Fighting Skills
   bare handed combat [Unskilled]
   two weapon combat  [Unskilled]
   riding             [Unskilled]
 Weapon Skills
   dagger             [Unskilled]
   knife              [Unskilled]
   pick-axe           [Basic]
   short sword        [Unskilled]
   saber              [Unskilled]
   club               [Unskilled]
   quarterstaff       [Unskilled]
   sling              [Unskilled]
   dart               [Unskilled]
   boomerang          [Unskilled]
   whip               [Basic]
   unicorn horn       [Unskilled]
 Spellcasting Skills
   attack spells      [Unskilled]
   healing spells     [Unskilled]
   divination spells  [Unskilled]
   matter spells      [Unskilled]

Voluntary challenges:
 Character rerolling was not enabled.
 You never genocided any monsters.
 You never polymorphed an object.
 You used no wishes.
Achievements:
 You attained the rank of Field Worker.
 You entered the Gnomish Mines.
 You entered Minetown.
 You entered a shop.

 The Dungeons of Doom: levels 1 to 3
    Level 1:
       An altar to Quetzalcoatl, a fountain.
    Level 2:
       Many fountains.
    Level 3:
       A fountain.
       Stairs down to The Gnomish Mines.
 The Gnomish Mines: levels 4 to 7
    Level 4:
    Level 5:
       A grave.
       Final resting place for
          kmoxley-Bar-Orc-Fem-Cha, killed by a giant ant.
    Level 6:
    Level 7: <- You were here.
       Some shops, a fountain.
       Final resting place for
          you, killed by a black unicorn.


Vanquished creatures:
  a ghost
  a small mimic
  a wolf
  a leprechaun
 an orc shaman
  a yellow light
  4 gnome leaders
  a gnomish wizard
  2 giant ants
  a floating eye
  a dwarf
  a homunculus
  2 rothes
  a centipede
  2 giant bats
  a wererat
  2 iguanas
 an acid blob
  2 coyotes
  2 hobbits
  a giant rat
  a yellow mold
  a red mold
 15 gnomes
  3 geckos
 11 jackals
  3 foxes
  4 goblins
  6 sewer rats
 13 grid bugs
  7 lichens
  3 kobold zombies
  5 newts
102 creatures vanquished.

No species were genocided or became extinct.

Game over:
                       ----------
                      /          \
                     /    REST    \
                    /      IN      \
                   /     PEACE      \
                  /                  \
                  |      Jobair      |
                  |       0 Au       |
                  |   killed by a    |
                  |  black unicorn   |
                  |                  |
                  |                  |
                  |       2026       |
                 *|     *  *  *      | *
        _________)/\\_//(\/(/\)/\//\/|_)_______

Goodbye Jobair the Archeologist...

You died in The Gnomish Mines on dungeon level 7 with 1548 points,
and 0 pieces of gold, after 5051 moves.
You were level 5 with a maximum of 43 hit points when you died.

